 Dungeon Crawl Stone Soup version 0.31.0 (webtiles) character file.

Game seed: 17914430730348038500

69 hito the Trooper (level 4, 0/55 HPs)
             Began as an Armataur Hexslinger on Jan 20, 2024.
             Was a Follower of Qazlal.
             Killed from afar by an orc wizard (7 damage)
             ... with a magic dart
             ... on level 3 of the Dungeon.
             The game lasted 00:03:12 (1785 turns).

hito the Trooper (Armataur Hexslinger)              Turns: 1785, Time: 00:03:14

Health: 0/55       AC:  7    Str: 13    XL:     4   Next: 2%
Magic:  5/5        EV: 10    Int: 13    God:    Qazlal [*.....]
Gold:   114        SH:  2    Dex: 15    Spells: 5/5 levels left

rFire   . . .        b - +1 dagger (drain)
rCold   . . .        (no shield)
rNeg    . . .        c - +0 robe
rPois   .            m - +2 helmet
rElec   .            (no cloak)
rCorr   .            (no gloves)
SInv    .            (no barding)
Will    .....        (no amulet) Stlth
                     (no ring)
HPRegen 0.29/turn    (no ring)
MPRegen 0.09/turn

%: roll
@: berserking, very quick
A: large, deformed body, tough skin 3, armoured tail, roll 1
a: Renounce Religion


You were on level 3 of the Dungeon.
You worshipped Qazlal.
Qazlal was aware of your devotion.
You visited 1 branch of the dungeon, and saw 3 of its levels.

You collected 114 gold pieces.

Inventory:

Hand Weapons
 a - a +1 sling
 b - a +1 dagger of draining (weapon)
 g - a +1 dagger of holy wrath
Armour
 c - a +0 robe (worn)
 m - a +2 helmet (worn)
Jewellery
 d - a ring of fire
Scrolls
 e - 5 scrolls of enchant armour {unknown}
 f - a scroll of teleportation {unknown}
 h - a scroll of fear {unknown}
 i - a scroll of vulnerability {unknown}
 j - a scroll of poison
 k - a scroll of identify {unknown}
 l - a scroll of revelation {unknown}
 o - 2 scrolls of blinking {unknown}
 p - a scroll of noise {unknown}
 q - a scroll of immolation {unknown}


   Skills:
 + Level 2.8 Fighting
 + Level 1.8 Short Blades
 - Level 1.3 Ranged Weapons
 - Level 1.3 Dodging
 - Level 1.0 Spellcasting
 - Level 2.6 Hexes
 - Level 0.8 Fire Magic


You had 5 spell levels left.
You didn't know any spells.
Your spell library contained the following spells:

 Spells                   Type           Power      Damage    Failure   Level
 Jinxbite                 Hex            14%        N/A       14%         2
 Sigil of Binding         Hex            7%         N/A       28%         3
 Inner Flame              Hex/Fire       5%         N/A       38%         3
 Cause Fear               Hex            3%         N/A       67%         4
 Dimensional Bullseye     Hex/Tloc       2%         N/A       85%         4


Dungeon Overview and Level Annotations

Branches:
Dungeon (3/15)

Altars:
Qazlal
Yredelemnul


Innate Abilities, Weirdness & Mutations

Armour fits poorly on your strangely shaped body.
You have extremely tough skin. (AC +3)
You have a long armoured tail.
You regenerate magic when rolling toward enemies. (Rampage MPRegen)


Message History

You hear some strange, mumbled words.
A magic dart appears from out of thin air!
The magic dart hits you. Something hits you but does no damage.
You bump into the rock wall.
Something hits you but does no damage. x2
You bump into the rock wall.
You feel less confused.
Something hits you but does no damage. x2
You hit something but do no damage. You block something's attack.
Something hits you but does no damage.
You hit something.
Something hits you but does no damage. x2
Something unexpectedly blocks you, preventing you from rolling!
You barely miss something.
Something unexpectedly blocks you, preventing you from rolling!
You closely miss something.
Something unexpectedly blocks you, preventing you from rolling!
You miss something.
Your tail-slap misses something.
Something hits you but does no damage.
You miss something. Something hits you but does no damage.
You block something's attack.
You barely miss something.
You hear some strange, mumbled words.
A puff of flame appears from out of thin air!
The puff of flame hits you. Something hits you but does no damage.
You hit something.
An orc wizard appears from thin air!
Reactivating autopickup.
You hear some strange, mumbled words.
A puff of flame appears from out of thin air!
Deactivating autopickup; reactivate with Ctrl-A.
The puff of flame hits you.
* * * LOW HITPOINT WARNING * * *
The orc wizard hits you with a +0 dagger.
* * * LOW HITPOINT WARNING * * *
Unknown command.
It was a potion of berserk rage.
A red film seems to cover your vision as you go berserk!
You feel yourself moving faster!
You feel mighty!
You hear some strange, mumbled words.
A magic dart appears from out of thin air!
The magic dart hits you!
You die...

#......
#.....
.....
..B.
.{# #.#
#B###
#oo@#
###{#
#...
#####


You could see an orc wizard (very drained), an orc and a giant cockroach.

Vanquished Creatures
  2 adders (D:2)
  A gnoll (D:1)
  A ribbon worm (D:2)
  2 orcs (D:3)
  3 giant cockroaches
  8 goblins
  3 hobgoblins
  3 kobolds
  A quokka (D:2)
  4 ball pythons
  2 bats (D:1)
  2 rats (D:1)
32 creatures vanquished.

Notes
Turn   | Place    | Note
-------+----------+-------------------------------------------
     0 | D:1      | hito the Armataur Hexslinger began the quest for the Orb.
     0 | D:1      | Reached XP level 1. HP: 15/15 MP: 2/2
   146 | D:1      | Reached skill level 1 in Fighting
   347 | D:1      | Reached XP level 2. HP: 19/22 MP: 3/3
   489 | D:1      | Found a faded altar of an unknown god.
   527 | D:1      | Prayed at the altar of an unknown god.
   527 | D:1      | Became a worshipper of Qazlal Stormbringer
   527 | D:1      | Reached * piety under Qazlal
   869 | D:2      | Reached skill level 1 in Short Blades
   869 | D:2      | Reached XP level 3. HP: 25/30 MP: 4/4
  1502 | D:2      | Found a basalt altar of Yredelemnul.
  1758 | D:3      | Reached XP level 4. HP: 28/37 MP: 5/5
  1785 | D:3      | Killed from afar by an orc wizard

Illustrated notes

Levels and vault maps discovered:
D:1:      psy_arrival_basics, layout_loops_ring, ebering_ecumenical_altar_box,
          nicolae_grassy_gnolls
D:2:      layout_basic, basic_altar
D:3:      layout_basic

Skill      XL: |  1  2 |
---------------+-------+-----
Fighting       | 1 2 |  2.8
Short Blades   | 1 |  1.8
Ranged Weapons | |  1.3
Dodging        | |  1.3
Spellcasting   | |  1.0
Hexes          | |  2.6
Fire Magic     | |  0.8

Action                     |  1- 3 |  4- 6 || total
---------------------------+-------+-------++-------
  Melee: Dagger            |    17 |    16 ||    33
         Tailslap          |     5 |       ||     5
   Fire: Sling             |    98 |       ||    98
    Use: Potion            |       |     1 ||     1
 Armour: Robe              |    62 |    34 ||    96
  Dodge: Dodged            |    46 |     1 ||    47
  Block: Other             |     1 |     2 ||     3
